 Dungeon Crawl Stone Soup version 0.30-a0-329-g85436e0a43 (console) character file.

Game seed: 13175832071319081395

192382 jejorda2 the Phalangite (level 18, -1/213 HPs)
             Began as a Merfolk Berserker on Oct 22, 2022.
             Was the Champion of Trog.
             Slain by a nagaraja
             ... wielding a +1 whip of venom
              (32 damage)
             ... on level 4 of the Snake Pit on Oct 28, 2022.
             The game lasted 01:38:28 (34102 turns).

jejorda2 the Phalangite (Merfolk Berserker)        Turns: 34102, Time: 01:38:29

Health: -1/213     AC: 33    Str: 27    XL:     18   Next: 68%
Magic:  18/18      EV: 12    Int:  9    God:    Trog [******]
Gold:   655        SH:  0    Dex: 15    Spells: 17/17 levels left

rFire   + . .      SeeInvis .    a - +9 bardiche {vorpal, rF+ Will- Str+4}
rCold   + . .      Faith    .    (shield currently unavailable)
rNeg    . . .      Spirit   .    U - +3 plate armour {rPois}
rPois   +          Reflect  .    A - +2 helmet
rElec   .          Harm     .    N - +2 cloak {rCorr}
rCorr   +          Rampage  .    J - +2 pair of gloves {hurl}
Will    .....                    C - +2 pair of boots
Stlth   ..........               (no amulet)
HPRegen 0.55/turn                P - ring of the Jolly Seers {rC+ Dex+2}
MPRegen 0.16/turn                x - +4 ring of evasion

@: berserking (expiring), lethally poisoned (-1 -> -22), constricted, very quick
A: (nimble swimmer 2), mertail
a: Renounce Religion, Berserk, Trog's Hand, Brothers in Arms


You were on level 4 of the Snake Pit.
You worshipped Trog.
Trog was exalted by your worship.
You visited 4 branches of the dungeon, and saw 26 of its levels.
You visited 1 bazaar.
You also visited: Sewer, Bailey, Gauntlet and Ice Cave.

You collected 3263 gold pieces.
You spent 2608 gold pieces at shops.

Inventory:

Hand Weapons
 a - the +9 bardiche "Punir" (weapon) {vorpal, rF+ Will- Str+4}
   (Trog gifted it to you on level 12 of the Dungeon)

   It inflicts extra damage upon your enemies.
   Str:       It affects your strength (+4).
   rF:        It protects you from fire.
   Will:      It decreases your willpower.
 b - a +1 glaive of flaming
 w - a +1 antimagic glaive
Missiles
 e - 7 javelins
 r - 29 boomerangs (quivered)
 t - 3 boomerangs of dispersal
 u - 96 poisoned darts
 v - 6 atropa-tipped darts
 y - a throwing net
 K - 2 curare-tipped darts
 O - 6 datura-tipped darts
 T - 6 silver javelins
Armour
 A - a +2 helmet (worn)
 C - a +2 pair of boots (worn)
 J - a +2 pair of gloves of hurling (worn)
 N - a +2 cloak of preservation (worn)
 U - a +3 plate armour of poison resistance (worn)
Jewellery
 c - a ring of flight
 x - a +4 ring of evasion (right hand)
 E - a ring of see invisible
 P - the ring of the Jolly Seers (left hand) {rC+ Dex+2}
   (You found it in a Gauntlet)

   [ring of protection from cold]

   Dex:       It affects your dexterity (+2).
   rC:        It protects you from cold.
 R - a ring of positive energy
Wands
 q - a wand of flame (12)
 D - a wand of polymorph (4)
 H - a wand of paralysis (5)
 I - a wand of roots (14)
 M - a wand of quicksilver (23)
 S - a wand of digging (4)
 W - a wand of mindburst (27)
Scrolls
 h - 3 scrolls of summoning
 i - 4 scrolls of fog
 l - 2 scrolls of fear
 m - 13 scrolls of teleportation
 B - 8 scrolls of blinking
 F - a scroll of enchant weapon
 X - 2 scrolls of silence
 Y - a scroll of immolation
 Z - 3 scrolls of magic mapping
Potions
 d - 6 potions of flight
 f - 6 potions of attraction
 g - 3 potions of haste
 j - 20 potions of curing
 k - a potion of resistance
 n - 2 potions of might
 o - 2 potions of cancellation
 p - 5 potions of ambrosia
 s - 2 potions of mutation
 z - 7 potions of heal wounds
 L - 2 potions of invisibility
Miscellaneous
 G - a condenser vane
 Q - a tin of tremorstones (2/2)
 V - a phial of floods


   Skills:
 + Level 12.9 Fighting
 - Level 24.0 Polearms
 - Level 16.0 Throwing
 * Level 12.7 Armour
 + Level 8.2 Dodging
 - Level 7.0 Evocations


You had 17 spell levels left.
You didn't know any spells.
Your spell library was empty.

Dungeon Overview and Level Annotations

Branches:
Dungeon (15/15)            Temple (0/1) D:7            Lair (5/5) D:11
 Shoals (0/4) Lair:3        Snake (4/4) Lair:3        Slime (0/5) Lair:4
    Orc (2/2) D:9             Elf (0/3) Orc:2        Vaults (0/5) D:13
 Depths (0/4) D:15          Sewer (visited)          Bailey (visited)
  IceCv (visited)         Gauntlet (visited)

Altars:
Cheibriados
Elyvilon
Fedhas
Gozag
Hepliaklqana
Makhleb
Nemelex Xobeh
Okawaru
Qazlal
Sif Muna
Uskayaw
Vehumet
Xom
Yredelemnul
The Shining One
Jiyva

Shops:
D:4 [   D:12 *[!   D:13 !   Orc:1 (   Orc:2 [(=**   Snake:4 *?

Portals:
Trove: D:15 (give +6 demon trident)


Innate Abilities, Weirdness & Mutations

((You are very nimble when in or above water. (Stealth+, EV+, Speed+++)))
Your lower body shifts to a powerful aquatic tail in water.


Message History

You are more poisoned.
The nagaraja grabs you. The nagaraja constricts you.
The naga sharpshooter casts a spell.
The naga sharpshooter magically shoots an arrow.
The arrow hits you. The naga warrior spits poison at you.
The splash of poison hits you but does no damage.
You are more poisoned.
You resist.
You barely miss the guardian serpent.
You feel very sick. The guardian serpent hits you!
The nagaraja spits poison at you.
The splash of poison hits you but does no damage.
You resist. The nagaraja constricts you.
The naga hits you with a +0 battleaxe!!
You slice the guardian serpent!!
The guardian serpent is heavily wounded.
You feel very sick.
The naga sharpshooter shoots an arrow.
The arrow hits you!
* * * LOW HITPOINT WARNING * * *
The guardian serpent hits you but does no damage.
The nagaraja spits poison at you.
The splash of poison hits you but does no damage.
You are more poisoned.
You resist. The nagaraja constricts you.
The naga warrior hits you but does no damage.
You slash the guardian serpent!
The guardian serpent is almost dead.
You feel very sick. The naga hits you with a +0 battleaxe!
* * * LOW HITPOINT WARNING * * *
Unknown command.
You open the guardian serpent like a pillowcase!!!
You kill the guardian serpent!
Trog accepts your kill.
Trog appreciates your killing of a magic user.
You feel very sick.
The nagaraja hits you with a +1 whip of venom!!
You die...

......##...~~~ #.###...#...#..
......# #S.~≈~ #.......##'##..
......# #.$~≈~ #.............#
......#.#..~≈~ #.#.#...#.#..##
......##...~S~ ##.#.#...#.#..#
####...###.... ##..#.##.##.#..# #
##...###'''###...#..#.#..#..# #
#...##.....##N..#..###..#... #
##....#.#.#†@N..#..)#...#....
######......#.)N.N####.###.####..
..##............###[#.......#.###
......................∩.⌠.∩......
................###.#.......#.###
........?..###### ##)###.####
...........# #...#...#
####.......# #..###..#
###......#.# #..#.#..#


You could see a nagaraja (fast, strong, catching breath), a naga warrior
(catching breath), a naga sharpshooter (strong) and a naga (strong).

Vanquished Creatures
  Vashnia (Snake:3)
  Nikola (Snake:3)
  Mlioglotl (Snake:3)
  Gastronok (D:8)
  Kirke (D:15)
  3 nagarajas
  An orc warlord (Orc:2)
  Azrael (Orc:2)
  A minotaur (Gauntlet)
  A blizzard demon (Gauntlet)
  3 hydras
  Erolcha (D:11)
  A salamander tyrant (Snake:2)
  3 centaur warriors
  A ghost crab (Gauntlet)
  9 anacondas
  Erica (D:8)
  7 two-headed ogres
  3 boulder beetles
  15 naga warriors
  4 orc high priests (Orc:2)
  19 naga sharpshooters
  6 shock serpents
  4 slime creatures
  3 salamander mystics
  6 naga ritualists
  A deep elf archer (D:15)
  4 wizards
  5 orc knights
  2 necromancers
  A deep elf pyromancer (D:14)
  8 mana vipers
  3 orc sorcerers
  31 ugly things
  A wolf spider (D:15)
  5 oklob plants
  A manticore (D:11)
  5 cyclopes
  14 salamanders
  Maurice (Orc:2)
  10 elephants (Lair:4)
  6 guardian serpents
  12 cane toads
  Joseph (D:8)
  34 black mambas
  8 naga magi
  An ice statue (IceCv)
  A torpor snail (Lair:1)
  3 gargoyles
  2 kobold demonologists
  A tengu conjurer (D:13)
  5 freezing wraiths (IceCv)
  5 komodo dragons
  2 rime drakes
  4 centaur skeletons (D:15)
  2 anaconda simulacra (IceCv)
  12 ice devils (IceCv)
  9 polar bears (Lair:5)
  9 meliai
  A queen bee (D:14)
  10 trolls
  Grinder (D:3)
  A hornet (D:15)
  34 blink frogs
  A raiju (Lair:5)
  A snapping turtle (Lair:3)
  3 shadows
  Sigmund (D:3)
  A vampire (D:10)
  4 wyverns
  43 yaks
  4 humans (D:12)
  A basilisk (shapeshifter) (D:15)
  Grum (D:8)
  2 steam dragons
  5 fire elementals (Orc:2)
  4 basilisks
  4 death yak simulacra (IceCv)
  2 hogs (D:15)
  A harpy simulacrum (IceCv)
  8 vampire mosquitoes
  6 wargs
  43 nagas
  19 hell hounds
  2 acid dragons
  28 water moccasins
  3 hydra simulacra (IceCv)
  A meliai simulacrum (D:15)
  28 orc warriors
  Duvessa (D:4)
  3 ice beasts
  13 black bears
  2 sky beasts (D:7)
  6 ogres
  21 wolves
  9 centaurs
  17 kobold brigands
  3 two-headed ogre simulacra (IceCv)
  A gnoll sergeant (D:10)
  13 bullfrogs
  3 scorpions
  4 cane toad simulacra (IceCv)
  5 wights (D:8)
  Dowan (D:4)
  An elephant simulacrum (IceCv)
  20 killer bees
  5 howler monkeys
  2 electric eels
  6 hounds
  2 jellies (D:6)
  10 orc priests
  3 gnoll boudas
  An iguana (D:4)
  13 orc wizards
  7 polar bear simulacra (IceCv)
  A troll simulacrum (IceCv)
  A boggart skeleton (D:15)
  3 wolf simulacra (IceCv)
  20 gnolls
  2 river rats (Sewer)
  10 adders
  A shadow imp (D:6)
  17 white imps
  4 worms
  A dart slug (D:2)
  54 orcs
  15 ball pythons
  7 endoplasms
  3 giant cockroaches
  13 goblins
  7 hobgoblins
  3 quokkas
  9 bats
  4 frilled lizards
  34 kobolds
  7 rats
  A spectral orc (D:8)
959 creatures vanquished.

Vanquished Creatures (collateral kills)
  Donald (Snake:3)
  A cyclops (D:8)
2 creatures vanquished.

Vanquished Creatures (others)
  A wizard (D:13)
  A human (D:15)
  51 fungi
  81 plants
134 creatures vanquished.

Grand Total: 1095 creatures vanquished

Notes
Turn   | Place    | Note
-------+----------+-------------------------------------------
     0 | D:1      | jejorda2 the Merfolk Berserker began the quest for the Orb.
     0 | D:1      | Reached XP level 1. HP: 18/18 MP: 1/1
   164 | D:1      | Reached XP level 2. HP: 22/24 MP: 2/2
   523 | D:1      | Reached XP level 3. HP: 28/29 MP: 3/3
   778 | D:2      | Found a snail-covered altar of Cheibriados.
   844 | D:2      | Reached ** piety under Trog
  1003 | D:2      | Reached skill level 5 in Polearms
  1278 | D:2      | Reached XP level 4. HP: 37/37 MP: 4/4
  1529 | D:2      | Identified the ring of Kaufeler {rC+ MP+9}
  2152 | D:3      | Noticed Grinder
  2164 | D:3      | Killed Grinder
  2165 | D:3      | Reached skill level 7 in Polearms
  2165 | D:3      | Reached XP level 5. HP: 11/43 MP: 5/5
  2165 | D:3      | Reached XP level 6. HP: 13/49 MP: 6/6
  2311 | D:3      | Noticed Sigmund
  2318 | D:3      | Killed Sigmund
  2319 | D:3      | Reached skill level 5 in Fighting
  2319 | D:3      | Reached XP level 7. HP: 56/56 MP: 7/7
  2467 | D:3      | Identified the +9 arbalest "Plog" {flame, rF+ SInv}
  2894 | D:3      | Reached skill level 8 in Polearms
  3048 | D:4      | Noticed Duvessa
  3048 | D:4      | Noticed Dowan
  3048 | D:4      | Found Buaguublo's Antique Armour Shoppe.
  3064 | D:4      | Killed Duvessa
  3068 | D:4      | Killed Dowan
  3236 | D:4      | Found a glowing drain.
  3243 | Sewer    | Entered a sewer
  3402 | Sewer    | Reached skill level 9 in Polearms
  3402 | Sewer    | Reached XP level 8. HP: 57/64 MP: 8/8
  3768 | Sewer    | Reached *** piety under Trog
  3900 | Sewer    | Reached skill level 10 in Polearms
  4392 | D:4      | Bought a pair of embroidered boots for 210 gold pieces
  4409 | D:5      | Entered Level 5 of the Dungeon
  4521 | D:5      | Reached skill level 11 in Polearms
  4869 | D:5      | Reached XP level 9. HP: 53/69 MP: 9/9
  5239 | D:6      | Reached skill level 12 in Polearms
  5246 | D:6      | Reached skill level 5 in Armour
  5808 | D:6      | Reached skill level 13 in Polearms
  6160 | D:7      | Reached **** piety under Trog
  6209 | D:7      | Found an opulent altar of Gozag.
  6231 | D:7      | Found a flagged portal.
  6255 | D:7      | Killed a very large slime creature
  6256 | D:7      | Reached skill level 14 in Polearms
  6256 | D:7      | Reached XP level 10. HP: 76/76 MP: 10/10
  6316 | Bailey   | Entered a bailey
  6365 | Bailey   | Noticed an orc knight
  6406 | Bailey   | Killed an orc knight
  6483 | Bailey   | Reached skill level 15 in Polearms
  6820 | D:7      | Reached skill level 1 in Throwing
  7104 | D:7      | Found a glowing golden altar of the Shining One.
  7153 | D:7      | Found a staircase to the Ecumenical Temple.
  7603 | D:7      | Found a shimmering altar of Xom.
  7643 | D:8      | Noticed a kobold demonologist
  7643 | D:8      | Noticed a cyclops
  7643 | D:8      | Noticed a two-headed ogre
  7961 | D:8      | Found a burning altar of Makhleb.
  7963 | D:8      | Noticed a green death
  8050 | D:8      | Noticed Erica
  8057 | D:8      | Killed Erica
  8058 | D:8      | Reached skill level 16 in Polearms
  8145 | D:8      | Noticed Gastronok
  8193 | D:8      | Killed Gastronok
  8194 | D:8      | Reached XP level 11. HP: 86/86 MP: 11/11
  8301 | D:8      | Noticed Joseph
  8311 | D:8      | Killed Joseph
  8337 | D:8      | Upgraded the game from 0.30-a0-305-g026cb31310 to
                  | 0.30-a0-329-g85436e0a43
  8433 | D:8      | Noticed a sixfirhy
  8850 | D:8      | Found a basalt altar of Yredelemnul.
  8940 | D:8      | Reached skill level 5 in Throwing
  9074 | D:8      | Killed a two-headed ogre
  9074 | D:8      | Noticed Grum
  9080 | D:8      | Killed Grum
  9116 | D:8      | Killed a cyclops
  9117 | D:8      | Reached skill level 17 in Polearms
  9231 | D:8      | Found an iron altar of Okawaru.
  9234 | D:8      | Found a sparkling altar of Nemelex Xobeh.
  9235 | D:8      | Found a radiant altar of Vehumet.
  9235 | D:8      | Found a hazy altar of Hepliaklqana.
  9544 | D:9      | Found a stormy altar of Qazlal.
  9580 | D:9      | Found a white marble altar of Elyvilon.
  9728 | D:9      | Found a staircase to the Orcish Mines.
  9753 | D:9      | Noticed a two-headed ogre
  9772 | D:9      | Killed a two-headed ogre
  9901 | D:9      | Reached skill level 10 in Fighting
 10519 | D:10     | Entered Level 10 of the Dungeon
 10687 | D:10     | Reached XP level 12. HP: 98/98 MP: 12/12
 10897 | D:10     | Reached ***** piety under Trog
 11281 | D:10     | Noticed a two-headed ogre
 11289 | D:10     | Killed a two-headed ogre
 11374 | D:10     | Found a hide-covered altar of Uskayaw.
 11902 | D:11     | Found a gate leading to a gauntlet.
 11932 | Gauntlet | Entered a Gauntlet
 11932 | Gauntlet | Found a transporter.
 11944 | Gauntlet | Noticed a blizzard demon
 11957 | Gauntlet | Found a transporter.
 11958 | Gauntlet | Found a transporter.
 11959 | Gauntlet | Found a transporter.
 11962 | Gauntlet | Found a transporter.
 11963 | Gauntlet | Found a transporter.
 11965 | Gauntlet | Noticed a ghost crab
 11971 | Gauntlet | Found a transporter.
 11977 | Gauntlet | Found a transporter.
 11987 | Gauntlet | Found a transporter.
 11992 | Gauntlet | Noticed a thrashing horror
 12012 | Gauntlet | Found a transporter.
 12014 | Gauntlet | Found a transporter.
 12022 | Gauntlet | Found a transporter.
 12172 | Gauntlet | Killed a blizzard demon
 12227 | Gauntlet | Killed a ghost crab
 12229 | Gauntlet | Identified the ring of the Jolly Seers {rC+ Dex+2}
 12299 | Gauntlet | Identified the +7 trident "Wosedgho" {holy, rF+ Str+4
                  | Dex+4}
 12299 | Gauntlet | Noticed a minotaur
 12311 | Gauntlet | Killed a minotaur
 12562 | D:11     | Noticed a sun demon
 12851 | D:11     | Noticed Erolcha
 12861 | D:11     | Killed Erolcha
 12862 | D:11     | Reached skill level 18 in Polearms
 12906 | D:11     | Noticed a two-headed ogre
 12914 | D:11     | Killed a two-headed ogre
 12941 | D:11     | Found a staircase to the Lair.
 13370 | Lair:1   | Entered Level 1 of the Lair of Beasts
 13635 | Lair:1   | Noticed a six-headed hydra
 13651 | Lair:1   | Killed a six-headed hydra
 13661 | Lair:1   | Reached XP level 13. HP: 108/108 MP: 13/13
 13778 | Lair:1   | Reached skill level 5 in Dodging
 15347 | Lair:3   | Reached skill level 10 in Throwing
 15481 | Lair:3   | Found a staircase to the Snake Pit.
 15493 | Lair:3   | Reached skill level 19 in Polearms
 16271 | Lair:3   | Found a staircase to the Shoals.
 17087 | Lair:4   | Found a staircase to the Slime Pits.
 17088 | Lair:4   | Found a viscous altar of Jiyva.
 17090 | Lair:4   | Found the +10 Black Knight's barding {ponderous, rPois rN+}
 17269 | Lair:4   | Received a gift from Trog
 17270 | Lair:4   | Reached XP level 14. HP: 106/115 MP: 14/14
 17715 | Lair:4   | Reached skill level 20 in Polearms
 18291 | Lair:5   | Entered Level 5 of the Lair of Beasts
 18921 | Lair:5   | Found a shimmering blue altar of Sif Muna.
 19187 | Lair:5   | Reached skill level 1 in Evocations
 20247 | D:12     | Found Ywkorph's Armour Boutique.
 20262 | D:12     | Found a frozen archway.
 20288 | D:12     | Received a gift from Trog
 20336 | IceCv    | Entered an ice cave
 20373 | IceCv    | Reached skill level 15 in Throwing
 20393 | IceCv    | Identified the +1 pair of gloves of the Salmon {Str+4}
 20459 | IceCv    | Reached ****** piety under Trog
 20462 | IceCv    | Reached XP level 15. HP: 113/120 MP: 15/15
 20629 | IceCv    | Found an ancient bone altar of Kikubaaqudgha.
 20973 | D:12     | Found a flickering gateway to a bazaar.
 20988 | Bazaar   | Entered a bazaar
 21004 | Bazaar   | Found Niwkil's Distillery.
 21038 | Bazaar   | Found Gohax's Distillery.
 21062 | Bazaar   | Found Meimer's Magic Scroll Emporium.
 21092 | Bazaar   | Found Budwoil's Magic Scroll Emporium.
 21120 | Bazaar   | Bought a potion of experience for 800 gold pieces
 21121 | Bazaar   | Reached XP level 16. HP: 127/127 MP: 16/16
 21157 | Bazaar   | Bought a scroll of enchant armour for 82 gold pieces
 21157 | Bazaar   | Bought a scroll of blinking for 82 gold pieces
 21270 | D:12     | Found Qil Qock's Distillery.
 21463 | D:12     | Found Fialud's Assorted Antiques.
 21499 | D:12     | Identified the +9 bardiche "Punir" {vorpal, rF+ Will-
                  | Str+4} (Trog gifted it to you on level 12 of the Dungeon)
 21499 | D:12     | Received a gift from Trog
 21741 | D:12     | Bought a +2 pair of gloves of hurling for 258 gold pieces
 21849 | D:13     | Found Zetei's Distillery.
 21856 | D:13     | Bought a potion of ambrosia for 152 gold pieces
 22039 | D:13     | Found a shimmering altar of Xom.
 22222 | D:13     | Found a gate to the Vaults.
 24015 | D:15     | Entered Level 15 of the Dungeon
 24015 | D:15     | Noticed Kirke
 24018 | D:15     | Reached skill level 21 in Polearms
 24020 | D:15     | Noticed a sphinx
 24026 | D:15     | Killed Kirke
 24987 | D:15     | Found a portal to a secret trove of treasure.
 25125 | D:15     | Received a gift from Trog
 25132 | D:15     | Found a staircase to the Depths.
 25402 | Orc:1    | Entered Level 1 of the Orcish Mines
 25402 | Orc:1    | Found Itruups's Antique Weapon Emporium.
 25485 | Orc:1    | Reached XP level 17. HP: 133/133 MP: 17/17
 25781 | Orc:2    | Entered Level 2 of the Orcish Mines
 25781 | Orc:2    | Found a staircase to the Elven Halls.
 25814 | Orc:2    | Found Wyixereu's Antique Armour Shop.
 25934 | Orc:2    | Noticed Azrael
 26014 | Orc:2    | Killed Azrael
 26167 | Orc:2    | Reached skill level 22 in Polearms
 26407 | Orc:2    | Found Uwastral's Jewellery Shoppe.
 26446 | Orc:2    | Received a gift from Trog
 26480 | Orc:2    | Noticed Maurice
 26487 | Orc:2    | Killed Maurice
 26648 | Orc:2    | Found Uschiom's General Store.
 26713 | Orc:2    | Found Hukeon's General Store.
 26721 | Orc:2    | Bought a scroll of magic mapping for 127 gold pieces
 26728 | Orc:2    | Found Ejelucsuip's Antique Weapon Shoppe.
 26945 | Orc:2    | Bought a runed chain mail for 292 gold pieces
 26945 | Orc:2    | Bought a pair of transparent gloves for 370 gold pieces
 26945 | Orc:2    | Identified the +2 pair of gloves of Gravity {Dex+2} (You
                  | bought it in a shop on level 2 of the Orcish Mines)
 27652 | Snake:1  | Entered Level 1 of the Snake Pit
 27902 | Snake:1  | Reached skill level 10 in Armour
 28873 | Snake:2  | Found a blossoming altar of Fedhas.
 28912 | Snake:2  | Reached skill level 23 in Polearms
 30018 | Orc:2    | Bought a scroll of identify for 34 gold pieces
 30823 | Snake:3  | Reached skill level 24 in Polearms
 31276 | Snake:3  | Received a gift from Trog
 31299 | Snake:3  | Noticed Donald
 31307 | Snake:3  | Killed Donald
 31308 | Snake:3  | Reached XP level 18. HP: 98/140 MP: 18/18
 31875 | Snake:3  | Noticed Vashnia
 31875 | Snake:3  | Noticed Nikola
 31909 | Snake:3  | Killed Nikola
 31916 | Snake:3  | Killed Vashnia
 32507 | Snake:3  | Noticed Mlioglotl
 32521 | Snake:3  | Killed Mlioglotl
 32868 | Snake:4  | Entered Level 4 of the Snake Pit
 33343 | Snake:4  | Received a gift from Trog
 33937 | Snake:4  | Found Anlian's General Store.
 33942 | Snake:4  | Found Haxuduf's Magic Scroll Boutique.
 33986 | Snake:4  | Bought a wand of digging (4) for 201 gold pieces
 34102 | Snake:4  | Slain by a nagaraja

Illustrated notes

Levels and vault maps discovered:
D:1:      dpeg_arrival_pond, layout_basic
D:2:      layout_loops_corners, basic_altar
D:3:      cheibrodos_pilgrimage, layout_loops_corners, uniq_sigmund,
          uniq_grinder
D:4:      layout_cave_pools, portal_sewer_entry_e, serial_shops, shop_statue,
          uniq_duvessa
D:5:      layout_cave_pools, uniq_prince_ribbit1
D:6:      minmay_chambers_of_fours, layout_basic, serial_bayou_pond_a
D:7:      layout_loops_corners, mainiacjoe_overflow_swirl,
          mainiacjoe_overflow_surrounded_room,
          minmay_temple_entry_drinking_statues, enter_bailey_5
D:8:      hellmonk_destroyed_diamonds, layout_loops_ring,
          yredelemnul_forgotten_temple_becter, grunt_temple_overflow_open,
          makhleb_altar_promises_db, special_room [special_room_kobold],
          uniq_joseph, uniq_grum, uniq_erica, uniq_gastronok
D:9:      layout_loops_corners, grunt_qazlal_sundering, elyvilon_altar_4,
          orc_0_dummy, kb_lookout_dungeons_type
D:10:     layout_roguey, dancing_weapons_uskayaw, serial_co_window_serial,
          co_window_paths_a, co_window_paths_b, co_window_paths_b,
          co_window_corner_a, co_window_of_opportunity_a, co_window_paths_c,
          co_window_of_opportunity_b, co_window_broadway_c, co_window_corner_b
D:11:     layout_irregular_city, lair_entry_dummy, gauntlet_entry_generic,
          uniq_erolcha
D:12:     layout_cave_pools, portal_ice_cave_entry_imps, serial_shops,
          bzr_entry_customers, nicolae_shop_statue_plus, kennysheep_little_box,
          shop_statue
D:13:     layout_long_grid, david_vaults_1, serial_shops, nicolae_shop_stone,
          tgw_xom
D:14:     layout_roguey, special_room [special_room_bee], nicolae_integral_box
D:15:     grunt_enter_depths_magical_seal, layout_loops_ring,
          nicolae_trove_entry_diagonal, minmay_crystal_room,
          minmay_fountain_box, minmay_fractal_squares_gapless_7, uniq_kirke
Lair:1:   layout_cave_pods, serial_bayou_shore_a
Lair:2:   layout_regular_city, grunt_megastairs_3, infiniplex_staircase_pool
Lair:3:   layout_hall_layers, minmay_shoals_entry_hut,
          minmay_snake_entry_six_corridors
Lair:4:   minmay_lair_oklob_tunnel, layout_gridlike, slime_entry_1
Lair:5:   hangedman_lair_caniforms_friends, layout_small_grid,
          serial_bayou_lagoon_a, lemuel_centaur_altar
Snake:1:  layout_cave_pods
Snake:2:  layout_misc_corridors, basic_altar
Snake:3:  layout_cave_pods, uniq_mlioglotl, uniq_vashnia, uniq_donald,
          uniq_nikola
Snake:4:  grunt_snake_rune_pools, layout_cave_town,
          nicolae_snake_salamander_jacuzzi, minmay_shop_star, grunt_megastairs_2
Orc:1:    layout_diamond_mine, serial_shops, nicolae_shop_crystal,
          nicolae_shop_clearance
Orc:2:    grunt_orc_gardens, layout_caves, grunt_orc_garden, grunt_orc_garden,
          grunt_orc_garden, grunt_orc_garden, serial_shops, shop,
          nicolae_orc_stony_grotto, uniq_azrael, uniq_maurice

Skill      XL: |  1  2  3  4  5  6  7  8  9 10 11 12 13 14 15 16 17 18 |
---------------+-------------------------------------------------------+-----
Polearms       | 5 7 9 11 14 16 17 18 19 20 21 24 | 24.0
Armour         | 2 3 4 5 6 7 9 11 12 | 12.7
Fighting       | 4 5 6 7 10 12 | 12.9
Throwing       | 4 6 8 12 15 16 | 16.0
Dodging        | 4 6 8 |  8.2
Evocations     | 3 6 7 |  7.0

Action                   |  1- 3 |  4- 6 |  7- 9 | 10-12 | 13-15 | 16-18 || total
-------------------------+-------+-------+-------+-------+-------+-------++-------
Melee: Spear             |   108 |    34 |       |       |       |       ||   142
       Punch             |     1 |       |       |     1 |    11 |     4 ||    17
       Trident           |       |    19 |       |    14 |  1122 |       ||  1155
       Halberd           |       |       |   393 |   775 |       |       ||  1168
       Tailslap          |       |       |    11 |     7 |     6 |       ||    24
       Demon trident     |       |       |       |       |    61 |    57 ||   118
       Bardiche          |       |       |       |       |       |   965 ||   965
Throw: Stone             |     4 |       |       |       |       |       ||     4
       Dart              |       |       |     5 |    36 |     5 |     5 ||    51
       Boomerang         |       |       |       |     3 |    32 |    57 ||    92
       Javelin           |       |       |       |       |     2 |    12 ||    14
       Throwing net      |       |       |       |       |       |     1 ||     1
Invok: Trog's Hand       |       |     2 |     6 |     6 |     4 |     8 ||    26
       Berserk           |       |     2 |     8 |    15 |     7 |     7 ||    39
       Brothers in Arms  |       |       |       |     2 |       |     1 ||     3
Evoke: Wand              |       |       |       |     2 |       |     6 ||     8
       Tin of tremorston |       |       |       |       |       |     3 ||     3
       Phial of floods   |       |       |       |       |       |     1 ||     1
       Condenser vane    |       |       |       |       |       |     1 ||     1
  Use: Scroll            |       |       |    13 |     4 |     7 |     5 ||    29
       Potion            |       |       |       |     1 |     1 |     4 ||     6
Armor: Ring mail         |    17 |     3 |       |       |       |       ||    20
       Chain mail        |       |     2 |    99 |       |       |       ||   101
       Plate armour      |       |       |    20 |   340 |   419 |   503 ||  1282
Dodge: Dodged            |    40 |    13 |   176 |   259 |   511 |   489 ||  1488

Table legend: (Time is in decaauts)
 A = Elapsed time spent in this place.
 B = Non-inter-level travel time spent in this place.
 C = Inter-level travel time spent in this place.
 D = Time resting spent in this place.
 E = Time spent auto-exploring this place.
 F = Levels seen in this place.
 G = Mean time per level.
                   A        B        C        D        E       F      G
               +--------+--------+--------+--------+--------+-----+--------+
         Total |  33231 |  30408 |   2823 |   2838 |  21407 |  31 | 1072.0 |
       Dungeon |  16701 |  14941 |   1760 |   1051 |  11156 |  15 | 1113.4 |
          Lair |   6598 |   6186 |    412 |    505 |   4418 |   5 | 1319.6 |
     Snake Pit |   5885 |   5515 |    370 |    950 |   3778 |   4 | 1471.2 |
  Orcish Mines |   1729 |   1450 |    279 |    138 |   1028 |   2 |  864.5 |
        Bazaar |    199 |    199 |      0 |      0 |    100 |   1 |  199.0 |
         Sewer |    667 |    667 |      0 |    128 |    368 |   1 |  667.0 |
        Bailey |    354 |    354 |      0 |     48 |     76 |   1 |  354.0 |
      Ice Cave |    572 |    572 |      0 |      0 |    187 |   1 |  572.0 |
      Gauntlet |    523 |    523 |      0 |     17 |    293 |   1 |  523.0 |
               +--------+--------+--------+--------+--------+-----+--------+

Top non-repeatable levels by time:
 Snake:3: 2131 daAuts
 Snake:1: 1669 daAuts
  Lair:5: 1661 daAuts
    D:14: 1506 daAuts
  Lair:4: 1460 daAuts
    D:15: 1457 daAuts
  Lair:3: 1446 daAuts
     D:7: 1377 daAuts
    D:10: 1375 daAuts
     D:8: 1344 daAuts
     D:9: 1300 daAuts
     D:3: 1240 daAuts
 Snake:2: 1231 daAuts
   Orc:2: 1222 daAuts
    D:11: 1193 daAuts
